 Dungeon Crawl Stone Soup version 0.30-a0-930-gb9d0489357 (webtiles) character file.

Game seed: 11169726954278242384

429 jasper the Shooter (level 6, -5/48 HPs)
             Began as a Demonspawn Hexslinger on Mar 22, 2023.
             Was an Initiate of Okawaru.
             Splashed by a jelly's acid (6 damage)
             ... on level 5 of the Dungeon on Mar 23, 2023.
             The game lasted 00:06:40 (3036 turns).

jasper the Shooter (Demonspawn Hexslinger)          Turns: 3036, Time: 00:06:40

Health: -5/48      AC: -6    Str: 12    XL:     6   Next: 66%
Magic:  7/7        EV: 10    Int: 15    God:    Okawaru [......]
Gold:   214        SH:  0    Dex: 13    Spells: 6/7 levels left

rFire   . . .      SeeInvis +    a - +1 sling (freeze)
rCold   . . .      Faith    .    (no shield)
rNeg    . . .      Spirit   .    y - +0 ring mail
rPois   .          Reflect  .    (helmet restricted)
rElec   .          Rampage  .    (no cloak)
rCorr   .                        (no gloves)
Will    .....                    (no boots)
Stlth   +                        k - amulet of regeneration
HPRegen 1.08/turn                m - ring of see invisible
MPRegen 0.10/turn                (no ring)

@: corroded
A: horns 1, powered by pain 1, demonic touch 1
a: Renounce Religion


You were on level 5 of the Dungeon.
You worshipped Okawaru.
Okawaru was noncommittal.
You visited 2 branches of the dungeon, and saw 6 of its levels.

You collected 247 gold pieces.
You spent 33 gold pieces at shops.

Inventory:

Hand Weapons
 a - a +1 sling of freezing (weapon)
 g - a +0 short sword of venom
 l - a +0 short sword
 q - the +1 spear of Eternal Vigilance {flame, Fly rPois Str-3 Stlth-}
   (You found it on level 4 of the Dungeon)

   Str:       It affects your strength (-3).
   rPois:     It protects you from poison.
   Fly:       It grants you flight.
   Stlth:     It makes you less stealthy.
Missiles
 i - 13 poisoned darts
 n - 4 curare-tipped darts
 z - 5 javelins
Armour
 c - a +0 robe
 y - a +0 ring mail (worn)
Jewellery
 f - a ring of wizardry
 k - an amulet of regeneration (around neck)
 m - a ring of see invisible (left hand)
 u - a +4 ring of protection
Wands
 v - a wand of mindburst (8)
Scrolls
 b - 2 scrolls of poison
 d - 3 scrolls of identify
 h - a scroll of teleportation
 o - 2 scrolls of blinking {unknown}
 s - a scroll of vulnerability {unknown}
Potions
 e - 3 potions of curing
 j - a potion of might
 p - a potion of degeneration {unknown}
 r - a potion of berserk rage {unknown}
 t - a potion of lignification {unknown}
 w - a potion of resistance {unknown}
 x - 2 potions of magic {unknown}


   Skills:
 + Level 3.7 Fighting
 * Level 5.2 Ranged Weapons
 + Level 1.6 Armour
 - Level 1.7 Dodging
 - Level 1.0 Spellcasting
 - Level 3.0 Hexes


You had 6 spell levels left.
You knew the following spells:

 Your Spells              Type           Power      Damage    Failure   Level
a - Slow                  Hex            36%        N/A       16%         1

Your spell library contained the following spells:

 Spells                   Type           Power      Damage    Failure   Level
 Inner Flame              Hex/Fire       5%         N/A       65%         3
 Portal Projectile        Hex/Tloc       10%        N/A       65%         3
 Cause Fear               Hex            4%         N/A       83%         4
 Ignite Poison            Fire/Tmut/Pois 0%         N/A       85%         3
 Sticky Flame             Conj/Fire      0%         2d3       99%         4
 Ignition                 Fire           0%         3d3       100%        8


Dungeon Overview and Level Annotations

Branches:
Dungeon (5/15)             Temple (1/1) D:5

Altars:
Cheibriados
Hepliaklqana
Kikubaaqudgha
Okawaru
Sif Muna
Wu Jian
Xom

Shops:
D:1 ?


Innate Abilities, Weirdness & Mutations

You have a pair of small horns on your head.
You sometimes gain a little power by taking damage.
Your touch may inflict minor irresistible damage on your foes.


Message History

The jelly is heavily wounded.
The jelly hits you.
You are splashed with acid!
The jelly hits you. The acid corrodes you!
You are splashed with acid!
You take 16 damage, and have 22/48 hp.
MASSIVE DAMAGE!!
Fire: a) +1 sling (freeze)
Press: ? - help, Q - select action, (/) - cycle Shift-Dir - straight line, f/p - jelly
Aim: a jelly (heavily wounded, 89% to hit)
You shoot a sling bullet. The sling bullet hits the jelly.
The sling bullet freezes the jelly.
The jelly is almost dead.
The jelly barely misses you.
Fire: a) +1 sling (freeze)
Press: ? - help, Q - select action, (/) - cycle Shift-Dir - straight line, f/p - jelly
Aim: a jelly (almost dead, 89% to hit)
You shoot a sling bullet.
The sling bullet hits the jelly but does no damage.
The jelly is almost dead.
The jelly closely misses you.
Fire: a) +1 sling (freeze)
Press: ? - help, Q - select action, (/) - cycle Shift-Dir - straight line, f/p - jelly
Aim: a jelly (almost dead, 89% to hit)
You shoot a sling bullet.
The sling bullet hits the jelly but does no damage.
The jelly is almost dead.
The jelly hits you.
You are splashed with acid!
You take 8 damage, and have 16/48 hp.
Fire: a) +1 sling (freeze)
Press: ? - help, Q - select action, (/) - cycle Shift-Dir - straight line, f/p - jelly
Aim: a jelly (almost dead, 89% to hit)
You shoot a sling bullet.
The sling bullet hits the jelly but does no damage.
The jelly is almost dead.
The jelly hits you.
* * * LOW HITPOINT WARNING * * *
The acid corrodes you!
You are splashed with acid!
* * * LOW HITPOINT WARNING * * *
The jelly hits you.
* * * LOW HITPOINT WARNING * * *
You are splashed with acid.
You die...

####### ### ## ...
....$. ... #
##.##.##.##.....
#.#.........#.....#
#.................
#..⌠...⌠..#.....
#.#...J...?.#.....
#......@.......#
#.#.........#..#
#..⌠...⌠..#..#
#............<.#
###.........#..#
##.##.##.##..# #.
#.....#.!# #.
##.......#.
##<......$


You could see a jelly.

Vanquished Creatures
  2 phantoms
  An orc priest (D:4)
  A jelly (D:4)
  2 hounds (D:4)
  An iguana (D:4)
  4 adders
  4 worms
  7 orcs (D:4)
  10 endoplasms
  4 giant cockroaches
  8 goblins
  6 hobgoblins
  2 quokkas
  6 ball pythons
  5 bats
  2 frilled lizards
  7 kobolds
  7 rats
79 creatures vanquished.

Notes
Turn   | Place    | Note
-------+----------+-------------------------------------------
     0 | D:1      | jasper the Demonspawn Hexslinger began the quest for the
                  | Orb.
     0 | D:1      | Reached XP level 1. HP: 15/15 MP: 2/2
    41 | D:1      | Reached skill level 2 in Ranged Weapons
   111 | D:1      | Gained mutation: You sometimes gain a little power by
                  | taking damage. [demonic ancestry]
   111 | D:1      | Reached XP level 2. HP: 21/21 MP: 3/3
   287 | D:1      | Found Xuimubas's Magic Scroll Shoppe.
   309 | D:1      | Bought a scroll of teleportation for 33 gold pieces
   718 | D:2      | Reached XP level 3. HP: 27/27 MP: 4/4
   754 | D:2      | Reached skill level 3 in Ranged Weapons
  1204 | D:3      | Discovered your monstrous ancestry.
  1204 | D:3      | Gained mutation: You have a pair of small horns on your
                  | head. [demonic ancestry]
  1204 | D:3      | Reached XP level 4. HP: 33/33 MP: 5/5
  1204 | D:3      | Noticed a phantom
  1217 | D:3      | Killed a phantom
  1218 | D:3      | Reached skill level 4 in Ranged Weapons
  1218 | D:3      | Reached XP level 5. HP: 15/40 MP: 6/6
  2187 | D:4      | Reached skill level 1 in Armour
  2187 | D:4      | Gained mutation: Your touch may inflict minor irresistible
                  | damage on your foes. [demonic ancestry]
  2187 | D:4      | Reached XP level 6. HP: 47/47 MP: 7/7
  2258 | D:4      | Upgraded the game from 0.30-a0-924-g0ad0bf95bc to
                  | 0.30-a0-930-gb9d0489357
  2371 | D:4      | Reached skill level 5 in Ranged Weapons
  2730 | D:4      | Identified the +1 spear of Eternal Vigilance {flame, Fly
                  | rPois Str-3 Stlth-}
  2839 | D:4      | Noticed a wyvern
  2864 | D:5      | Entered Level 5 of the Dungeon
  2910 | D:5      | Found a staircase to the Ecumenical Temple.
  2918 | Temple   | Entered the Ecumenical Temple
  3016 | Temple   | Became a worshipper of Warmaster Okawaru
  3036 | D:5      | HP: 1/48 [jelly (3)]
  3036 | D:5      | Splashed by a jelly's acid

Illustrated notes

Levels and vault maps discovered:
D:1:      scummos_arrival_gate, layout_basic, serial_shops, shop_fountains
D:2:      layout_rooms
D:3:      minmay_diamond_boxcup, layout_basic
D:4:      minmay_clustersquares, layout_loops_corners, roderic_lattice_a
D:5:      minmay_inner_zag, layout_rooms, minmay_temple_entry_large_hall,
          amcnicky_mini_pool_medium, uniq_edmund, uniq_eustachio
Temple:   hellmonk_temple_beads

Skill      XL: |  1  2  3  4  5  6 |
---------------+-------------------+-----
Ranged Weapons | 2 3 4 5 |  5.2
Fighting       | 2 3 |  3.7
Armour         | 1 |  1.6
Dodging        | |  1.7
Spellcasting   | |  1.0
Hexes          | |  3.0

Action                     |  1- 3 |  4- 6 || total
---------------------------+-------+-------++-------
  Melee: Short sword       |     7 |       ||     7
   Fire: Sling             |   126 |   163 ||   289
    Use: Scroll            |     5 |       ||     5
         Potion            |       |     2 ||     2
 Armour: Robe              |    11 |     4 ||    15
         Ring mail         |       |    17 ||    17
  Dodge: Dodged            |    41 |    60 ||   101

Table legend: (Time is in decaauts)
 A = Elapsed time spent in this place.
 B = Non-inter-level travel time spent in this place.
 C = Inter-level travel time spent in this place.
 D = Time resting spent in this place.
 E = Time spent auto-exploring this place.
 F = Levels seen in this place.
 G = Mean time per level.
                   A        B        C        D        E       F      G
               +--------+--------+--------+--------+--------+-----+--------+
         Total |   3110 |   2998 |    112 |     14 |   2400 |   6 |  518.3 |
       Dungeon |   2998 |   2898 |    100 |     14 |   2311 |   5 |  599.6 |
        Temple |    111 |     99 |     12 |      0 |     89 |   1 |  111.0 |
               +--------+--------+--------+--------+--------+-----+--------+

Top non-repeatable levels by time:
     D:4: 1101 daAuts
     D:3: 797 daAuts
     D:1: 680 daAuts
     D:2: 395 daAuts
  Temple: 111 daAuts
     D:5: 23 daAuts
